 Dungeon Crawl Stone Soup version 0.25-a0-55-g0753fd1ad2 (webtiles) character file.

Game seed: 1585295435322773182, levelgen mode: deterministic

211 Conn the Sneak (level 5, -1/32 HPs)
             Began as an Octopode Fire Elementalist on Oct 25, 2019.
             Slain by Grinder (5 damage)
             ... on level 3 of the Dungeon.
             The game lasted 00:10:23 (2888 turns).

Conn the Sneak (Octopode Fire Elementalist)         Turns: 2888, Time: 00:10:24

Health: -1/32      AC:  1    Str:  7    XL:     5   Next: 88%
Magic:  6/8        EV: 14    Int: 18    God:
Gold:   140        SH:  0    Dex: 13    Spells: 2/9 levels left

rFire    . . .     SeeInvis .   o - +2 short sword (speed)
rCold    . . .     Gourm    .   (no shield)
rNeg     . . .     Faith    .   (helmet restricted)
rPois    .         Spirit   .   (no amulet)
rElec    .         Reflect  .   (no ring)
rCorr    .         Harm     .   (no ring)
MR       .....                  (no ring)
Stlth    ++++......             (no ring)
HPRegen  0.10/turn              (no ring)
MPRegen  0.11/turn              (no ring)
                                (no ring)
                                (no ring)

@: no status effects
A: almost no armour, stealthy swim, amphibious, 8 rings, constrict 8, camouflage
1, gelatinous body 1
a: no special abilities


You were on level 3 of the Dungeon.
You were hungry.

You visited 1 branch of the dungeon, and saw 3 of its levels.

You collected 140 gold pieces.

Inventory:

Hand Weapons
 e - a +0 dagger
 g - a +1 dagger of draining
 k - a +3 hand axe of freezing
 o - a +2 short sword of speed (weapon)
Missiles
 l - 7 boomerangs
 p - 4 poisoned darts (quivered)
Jewellery
 q - an uncursed amulet of harm
Scrolls
 a - a scroll of teleportation {unknown}
 c - a scroll of remove curse {unknown}
 f - a scroll of identify {unknown}
 m - a scroll of blinking {unknown}
 n - a scroll of fog {unknown}
Potions
 i - a potion of mutation {unknown}
 j - a potion of degeneration {unknown}
 r - a potion of magic {unknown}
 s - a potion of agility {unknown}
Comestibles
 b - 8 rations
 d - 3 chunks of flesh


   Skills:
 + Level 0.6 Fighting
 + Level 1.5 Short Blades
 + Level 0.4 Throwing
 + Level 2.9 Dodging
 + Level 4.8 Stealth
 + Level 2.6 Spellcasting
 + Level 1.9 Conjurations
 + Level 3.7 Fire Magic


You had 2 spell levels left.
You knew the following spells:

 Your Spells              Type           Power        Failure   Level  Hunger
a - Flame Tongue          Conj/Fire      ##...        5%          1    #......
b - Conjure Flame         Conj/Fire      ##......     16%         3    ###....
c - Inner Flame           Hex/Fire       #.......     24%         3    ###....

Your spell library contained the following spells:

 Spells                   Type           Power        Failure   Level  Hunger
 Throw Flame              Conj/Fire      ##....       8%          2    ##.....
 Sticky Flame             Conj/Fire      ##......     45%         4    #####..
 Fireball                 Conj/Fire      ##........   82%         5    ######.


Dungeon Overview and Level Annotations

Branches:
Dungeon (3/15)

Altars:

Annotations:
D:3 1 runed translucent door, Grinder; Ryzelo's ghost, weakling DEWz


Innate Abilities, Weirdness & Mutations

You cannot wear most types of armour.
You are very stealthy in the water. (Stealth+)
You are amphibious.
You can wear up to eight rings at the same time.
You can use your tentacles to constrict eight enemies at once.
Your skin changes colour to match your surroundings (Stealth+).
Your rubbery body absorbs attacks. (AC +1, EV +1)


Message History

Confirm with . or Enter, or press ? or * to list all spells.
Aiming: Flame Tongue (safe; 5% risk of failure)
Press: ? - help, Shift-Dir - straight line, f - Grinder
Aim: Grinder (heavily wounded, constricted by you, unusually resistant)
The flame tongue hits Grinder.
Grinder resists.
Grinder is heavily wounded.
You constrict Grinder. Grinder hits you!
You writhe in agony.
* * * LOW HITPOINT WARNING * * *
Okay, then.
Casting: Flame Tongue (safe; 5% risk of failure)
Confirm with . or Enter, or press ? or * to list all spells.
Aiming: Flame Tongue (safe; 5% risk of failure)
Press: ? - help, Shift-Dir - straight line, f/p - Grinder
Aim: Grinder (heavily wounded, constricted by you, unusually resistant)
The flame tongue hits Grinder.
Grinder completely resists.
Grinder is heavily wounded.
You constrict Grinder. Grinder hits you.
* * * LOW HITPOINT WARNING * * *
You writhe in agony.
You die...

....##
#.#..........#.#.#####
#....#
#[#..........#.#..#
#....#
#.......##.....##.#
#....#
#........#.#.####.######
#....#
#........#.#.#.^........
####.#
#........#..........####
.# #.#
#........###...#####....
รท###.#
#......5.)(...(#####.###
.....#
#......@#)#..........#
.....#
#.......#....#..######
.##..#
#.#######..........<..
.#...# #.#
#....#########
##.#######.# #.#..#
##.#.......# #.#.>.
#....####### #.#####
#....#### ... #.......#


You could see Grinder.

Vanquished Creatures
  A crimson imp (D:3)
  A centaur skeleton (D:3)
  An orc priest (D:3)
  3 adders
  2 oozes (D:1)
  2 worms (D:3)
  A dart slug (D:2)
  4 leopard geckos
  3 orcs (D:3)
  4 giant cockroaches
  8 goblins
  6 hobgoblins
  3 jackals (D:3)
  12 kobolds
  2 quokkas (D:3)
  9 bats
  3 frilled lizards
  5 rats
70 creatures vanquished.

Notes
Turn   | Place    | Note
-------+----------+-------------------------------------------
     0 | D:1      | Conn the Octopode Fire Elementalist began the quest for the
                  | Orb.
     0 | D:1      | Reached XP level 1. HP: 11/11 MP: 3/3
    86 | D:1      | Reached skill level 3 in Stealth
   108 | D:1      | Reached XP level 2. HP: 17/17 MP: 5/5
   429 | D:1      | Reached XP level 3. HP: 16/21 MP: 6/6
  1231 | D:2      | Reached skill level 4 in Stealth
  1380 | D:2      | Reached XP level 4. HP: 27/27 MP: 7/7
  1601 | D:3      | Learned a level 3 spell: Conjure Flame
  1605 | D:3      | Learned a level 3 spell: Inner Flame
  1782 | D:3      | Noticed Grinder
  2326 | D:3      | Reached XP level 5. HP: 31/31 MP: 6/8
  2356 | D:3      | Reached skill level 1 in Short Blades
  2600 | D:3      | Found a runed translucent door.
  2601 | D:3      | Noticed Ryzelo's ghost (weakling DEWz)
  2705 | D:3      | Found a faded altar of an unknown god.
  2888 | D:3      | Slain by Grinder

Levels and vault maps discovered:
D:1:      lemuel_arrival_broad_hall, layout_loops_corners, minmay_tetromino_s4
D:2:      layout_loops_ring, first_ration
D:3:      layout_basic, chequers_ecumenical_altar_lobes,
          ebering_ghost_reflecting_pool, uniq_grinder

Table legend:
 A = Non-vault XP
 B = Vault XP
 C = Vault XP percentage of total XP
 D = Non-vault monster count
 E = Vault monster count
 F = Vault count percentage of total count
                 A         B        C        D         E       F
            +---------+---------+-------+---------+---------+-------
      Total |     299 |       3 |   1.0 |      69 |       1 |   1.4
            +---------+---------+-------+---------+---------+-------
        D:1 |      46 |       3 |   6.1 |      19 |       1 |   5.0
        D:2 |      40 |       0 |   0.0 |      18 |       0 |   0.0
        D:3 |     213 |       0 |   0.0 |      32 |       0 |   0.0
            +---------+---------+-------+---------+---------+-------
